 Dungeon Crawl Stone Soup version 0.24-a0-525-g9231cdcba1 (webtiles) character file.

Game seed: 12652610012846694168

3411 Floone the Blocker (level 10, -2/70 HPs)
             Began as a Formicid Fighter on Aug 4, 2019.
             Was a High Priest of Cheibriados.
             Slain by an orc warlord
             ... wielding a +2 great mace of protection
              (18 damage)
             ... in a bailey.
             The game lasted 00:31:37 (6490 turns).

Floone the Blocker (Formicid Fighter)               Turns: 6490, Time: 00:31:38

Health: -2/70      AC:  9    Str: 37    XL:     10   Next: 25%
Magic:  1/10       EV: 10    Int: 19    God:    Cheibriados [*****.]
Gold:   297        SH: 16    Dex: 24    Spells: 9/9 levels left

rFire    . . .     SeeInvis +   a - +4 war axe
rCold    . . .     Gourm    .   c - +1 shield
rNeg     . . .     Faith    .   b - +0 scale mail
rPois    .         Spirit   .   (helmet unavailable)
rElec    .         Reflect  .   u - +0 cloak
rCorr    .         Harm     .   (no gloves)
MR       +....                  (no boots)
Stlth    +.........             r - amulet of regeneration
HPRegen  0.61/turn              (no ring)
MPRegen  0.12/turn              (no ring)

@: mighty, flying, studying Charms, very slow
A: permanent stasis, dig shafts and tunnels, four strong arms, antennae 3
a: Dig, Shaft Self, Bend Time, Temporal Distortion, Slouch, Step From Time,
Renounce Religion


You were in a bailey.
You worshipped Cheibriados.
Cheibriados was extremely pleased with you.
You were not hungry.

You visited 1 branch of the dungeon, and saw 7 of its levels.
You also visited: Bailey.

You collected 297 gold pieces.

Inventory:

Hand Weapons
 a - a +4 war axe (weapon)
 s - a +0 war axe
 t - a +0 war axe
Armour
 b - a +0 scale mail (worn)
 c - a +1 shield (worn)
 e - a +0 plate armour
 l - a +0 large shield
 u - a +0 cloak (worn)
Jewellery
 i - an uncursed ring of ice
 m - an uncursed amulet of the gourmand
 r - an amulet of regeneration (around neck)
Wands
 h - a wand of enslavement (4)
Scrolls
 j - a scroll of fear
 n - a scroll of vulnerability {unknown}
 v - a scroll of fog
Potions
 g - a potion of lignification
 k - 2 potions of cancellation
 w - a potion of invisibility
Books
 o - a manual of Charms
Comestibles
 f - 8 rations
 q - 7 chunks of flesh


   Skills:
 - Level 3.2 Fighting
 - Level 9.2 Axes
 * Level 7.1 Armour
 - Level 11.1 Shields
 - Level 1.1 Invocations


You had 9 spell levels left.
You didn't know any spells.
Your spell library was empty.

Dungeon Overview and Level Annotations

Branches:
Dungeon (7/15)             Temple (0/1) D:4

Altars:
Cheibriados
Elyvilon
Kikubaaqudgha
Makhleb
Okawaru
Qazlal
Trog
Vehumet
Xom
Yredelemnul
The Shining One


Innate Abilities, Weirdness & Mutations

You cannot be hasted, slowed, berserked, paralysed or teleported.
You can dig through walls and to a lower floor.
Your four strong arms can wield two-handed weapons with a shield.
You have a pair of large antennae on your head. (SInv)


Message History

* * * LOW HITPOINT WARNING * * *
You slash the orc warlord!
The orc warlord is severely wounded.
You block the orc warlord's attack.
You hit the orc warlord but do no damage.
The orc warlord is severely wounded.
You completely miss the orc warlord.
The orc warlord is severely wounded.
The orc warlord closely misses you.
You completely miss the orc warlord.
The orc warlord is severely wounded.
You block the orc warlord's attack.
You hit the orc warlord.
The orc warlord is severely wounded.
The orc warlord roars a battlecry!
Some of the chunks of flesh in your inventory have rotted away.
You slash the orc warlord!
The orc warlord is severely wounded.
The orc warlord hits you with a +2 great mace of protection!!
You die...

{ ##.....## {
#.......# .. {{
##.......## o..
#.........# #o.
##.........##
###'###.....⌠.....#
#88.88##)).......##
....{..#.).......#
.......##@......##
..)....)o)......#
........##.....##
...⌠.....#######
........##
........# .......##
.....?? #?!∩!!#


You could see an orc warlord.

Vanquished Creatures
  The ghost of Torikoriko the Grave Robber, an amateur NaNe of Sif Muna (D:3)
  Menkaure (D:7)
  Duvessa (D:6)
  11 orc warriors
  A hornet zombie (D:6)
  A phantom (D:4)
  5 ogres
  A centaur (D:4)
  A bullfrog (D:6)
  Dowan (D:6)
  A wyvern skeleton (D:6)
  5 killer bees (D:7)
  2 howler monkeys (D:7)
  2 crimson imps
  A jelly (D:7)
  2 bullfrog skeletons
  Crazy Yiuf (D:5)
  3 orc wizards
  2 worker ants (D:6)
  2 worker ant zombies (D:5)
  2 hound skeletons (D:6)
  Robin (D:3)
  10 adders
  23 gnolls
  3 shadow imps
  4 oozes
  7 worms
  A dart slug (D:3)
  3 leopard geckos
  25 orcs
  2 giant cockroaches
  34 goblins
  18 hobgoblins
  13 jackals
  3 quokkas
  2 ball pythons
  8 bats
  A frilled lizard (D:3)
  7 kobolds
  2 leopard gecko skeletons
  17 rats
  A fungus (D:5)
232 creatures vanquished.

Vanquished Creatures (others)
  6 plants (D:3)
6 creatures vanquished.

Grand Total: 238 creatures vanquished

Notes
Turn   | Place    | Note
-------+----------+-------------------------------------------
     0 | D:1      | Floone the Formicid Fighter began the quest for the Orb.
     0 | D:1      | Reached XP level 1. HP: 18/18 MP: 1/1
    49 | D:1      | Reached XP level 2. HP: 24/24 MP: 2/2
   216 | D:1      | Reached XP level 3. HP: 26/29 MP: 3/3
   557 | D:2      | Found an ancient bone altar of Kikubaaqudgha.
   600 | D:2      | Found a glowing golden altar of the Shining One.
   728 | D:2      | Found a snail-covered altar of Cheibriados.
   732 | D:2      | Became a worshipper of Cheibriados the Contemplative
   738 | D:2      | Found an iron altar of Okawaru.
   750 | D:2      | Found a radiant altar of Vehumet.
   753 | D:2      | Found a stormy altar of Qazlal.
   900 | D:2      | Reached XP level 4. HP: 35/35 MP: 4/4
  1241 | D:2      | You fall into a shaft and drop 1 floor!
  1506 | D:3      | Reached skill level 5 in Axes
  1506 | D:3      | Reached XP level 5. HP: 5/41 MP: 5/5
  1801 | D:3      | Reached * piety under Cheibriados
  1925 | D:3      | Noticed Robin
  1937 | D:3      | Killed Robin
  2022 | D:3      | Found a transporter.
  2027 | D:3      | Reached ** piety under Cheibriados
  2420 | D:3      | Reached XP level 6. HP: 36/47 MP: 6/6
  2455 | D:3      | Noticed Torikoriko's ghost (amateur NaNe)
  2463 | D:3      | Found a transporter.
  3116 | D:3      | Killed Torikoriko's ghost
  3116 | D:3      | Reached XP level 7. HP: 29/52 MP: 7/7
  3631 | D:4      | Reached XP level 8. HP: 41/58 MP: 8/8
  3843 | D:4      | Found a staircase to the Ecumenical Temple.
  4446 | D:5      | Entered Level 5 of the Dungeon
  4454 | D:5      | Reached skill level 4 in Shields
  4507 | D:5      | Found a basalt altar of Yredelemnul.
  4564 | D:5      | Reached skill level 5 in Shields
  4611 | D:5      | Reached *** piety under Cheibriados
  4700 | D:5      | Found a white marble altar of Elyvilon.
  4948 | D:5      | Noticed a moth of wrath
  4951 | D:5      | Found a bloodstained altar of Trog.
  5104 | D:5      | Found a shimmering altar of Xom.
  5214 | D:5      | Found a runed translucent door.
  5215 | D:5      | Noticed Crazy Yiuf
  5221 | D:5      | Killed Crazy Yiuf
  5330 | D:6      | Reached skill level 6 in Shields
  5445 | D:6      | Noticed Duvessa
  5445 | D:6      | Noticed Dowan
  5458 | D:6      | Killed Duvessa
  5468 | D:6      | Killed Dowan
  5468 | D:6      | Reached skill level 7 in Shields
  5487 | D:6      | Reached XP level 9. HP: 64/64 MP: 9/9
  5522 | D:6      | Reached skill level 8 in Shields
  5593 | D:6      | Reached **** piety under Cheibriados
  5808 | D:6      | Reached skill level 9 in Shields
  6031 | D:7      | Noticed Menkaure
  6040 | D:7      | Killed Menkaure
  6041 | D:7      | Reached skill level 10 in Shields
  6041 | D:7      | HP: 2/64 [orc wizard/magic dart (5)]
  6084 | D:7      | Found a burning altar of Makhleb.
  6159 | D:7      | Found a flagged portal.
  6176 | Bailey   | Entered a bailey
  6238 | Bailey   | Reached ***** piety under Cheibriados
  6313 | Bailey   | Reached skill level 11 in Shields
  6346 | Bailey   | Reached skill level 1 in Invocations
  6353 | Bailey   | Reached XP level 10. HP: 45/70 MP: 10/10
  6358 | Bailey   | Reached skill level 5 in Armour
  6464 | Bailey   | Noticed an orc warlord
  6490 | Bailey   | Slain by an orc warlord

Levels and vault maps discovered:
D:1:      onia_arrival_handbag, layout_basic, amethyst_killhole, st_stairs_5
D:2:      layout_basic, grunt_temple_overflow_cloverleaf, old_standard_altar,
          lemuel_doored_altar, first_ration
D:3:      kennysheep_goblin_castle, layout_basic, gammafunk_ghost_gnarly_gnolls,
          serial_curves, eino_curves_03, eino_curves_01, eino_curves_02
D:4:      layout_basic, temple_statues
D:5:      layout_basic, kennysheep_ying_yang, tgw_trog, kennysheep_mini,
          uniq_crazy_yiuf_cottage
D:6:      layout_loops_ring, uniq_duvessa
D:7:      layout_loops_cross, kennysheep_little_box,
          ashenzari_conservatory_becter, enter_bailey_7, uniq_menkaure
Bailey:   bailey_axe_minmay_hex_keep, bailey

Skill      XL: |  1  2  3  4  5  6  7  8  9 10 |
---------------+-------------------------------+-----
Axes           | 3 4 5 7 8 9 |  9.2
Shields        | 7 11 | 11.1
Invocations    | 1 |  1.1
Armour         | 4 7 |  7.1
Fighting       | |  3.2

Action                   |  1- 3 |  4- 6 |  7- 9 | 10-12 || total
-------------------------+-------+-------+-------+-------++-------
Melee: War axe           |    98 |   182 |   353 |    48 ||   681
Throw: Throwing net      |       |       |     2 |       ||     2
Invok: Slouch            |       |       |     1 |     2 ||     3
 Abil: Dig               |       |       |     1 |       ||     1
  Use: Scroll            |       |     8 |     8 |       ||    16
       Potion            |       |     2 |     2 |     2 ||     6
  Eat: Chunk             |       |     5 |     7 |       ||    12
Armor: Scale mail        |    41 |    54 |    67 |     1 ||   163
Dodge: Dodged            |    36 |    62 |    90 |     8 ||   196
Block: Shield            |    52 |   116 |   227 |    28 ||   423

Table legend:
 A = Non-vault XP
 B = Vault XP
 C = Vault XP percentage of total XP
 D = Non-vault monster count
 E = Vault monster count
 F = Vault count percentage of total count
                 A         B        C        D         E       F
            +---------+---------+-------+---------+---------+-------
      Total |    2441 |    2432 |  49.9 |     134 |      97 |  42.0
            +---------+---------+-------+---------+---------+-------
        D:1 |      37 |      15 |  28.8 |      18 |       7 |  28.0
        D:2 |      50 |       0 |   0.0 |      18 |       0 |   0.0
        D:3 |     176 |     453 |  72.0 |      27 |      28 |  50.9
        D:4 |     570 |       0 |   0.0 |      10 |       0 |   0.0
        D:5 |     282 |      49 |  14.8 |      18 |       6 |  25.0
        D:6 |     640 |     224 |  25.9 |      22 |       2 |   8.3
        D:7 |     686 |     193 |  22.0 |      21 |       5 |  19.2
     Bailey |       0 |    1498 | 100.0 |       0 |      49 | 100.0
            +---------+---------+-------+---------+---------+-------
